 Dungeon Crawl Stone Soup version 0.16-a0-2818-g1ef6e07 (webtiles) character file.

55 Johnny the Grave Robber (level 3, 0/28 HPs)
             Began as a Demigod Necromancer on Nov 28, 2014.
             Slain by a worm (10 damage)
             ... on level 2 of the Dungeon.
             The game lasted 00:02:28 (1622 turns).

Johnny the Grave Robber (Demigod Necromancer)       Turns: 1622, Time: 00:02:28

Health: 0/28       AC:  2    Str: 11    XL:     3   Next: 45%
Magic:  0/8        EV: 13    Int: 21    God:
Gold:   97         SH:  0    Dex: 16    Spells: 2 memorised, 2 levels left

rFire  . . .     SeeInvis .     l - +0 spear
rCold  . . .     Clarity  .     a - +0 robe
rNeg   . . .     SustAb   +     (no shield)
rPois  .         Gourm    .     (no helmet)
rElec  .         Spirit   +     (no cloak)
rCorr  .         Warding  .     (no gloves)
rMut   .         Stasis   .     (no boots)
MR     .....                    i - amulet of guardian spirit
Stlth  ++........               (no ring)
                                (no ring)

@: not resistant to hostile enchantments, unstealthy
A: sustain abilities
a: no special abilities


You were on level 2 of the Dungeon.
You were not hungry.

You visited 1 branch of the dungeon, and saw 2 of its levels.

You collected 97 gold pieces.

Inventory:

Hand weapons
 e - a +0 mace
 l - a +0 spear (weapon)
Armour
 a - a +0 robe (worn)
Jewellery
 i - an amulet of guardian spirit (around neck)
Scrolls
 g - a scroll of noise {unknown}
 j - a scroll of remove curse {unknown}
 k - a scroll of teleportation {unknown}
 m - 3 scrolls of identify {unknown}
 n - a scroll of amnesia {unknown}
Potions
 d - a potion of heal wounds {unknown}
 f - a potion of poison {unknown}
 o - a potion of confusion {unknown}
 p - a potion of magic {unknown}
Books
 b - a book of Necromancy

   Spells                             Type                      Level
   *Pain                              Necromancy                   1
   Animate Skeleton                   Necromancy                   1
   *Vampiric Draining                 Necromancy                   3
   Regeneration                       Charms/Necromancy            3
   Animate Dead                       Necromancy                   4
   Control Undead                     Necromancy                   4
Comestibles
 c - 3 bread rations
 h - a meat ration


   Skills:
 * Level 1.0 Fighting
 * Level 2.4 Dodging
 - Level 1.7 Stealth
 * Level 2.3 Spellcasting
 * Level 4.0 Necromancy


You had 2 spell levels left.
You knew the following spells:

 Your Spells              Type           Power        Failure   Level  Hunger
a - Pain                  Necr           ###.         2%          1    #......
c - Vampiric Draining     Necr           ###.......   10%         3    ###....


Dungeon Overview and Level Annotations

Branches:
Dungeon (2/15)


Innate Abilities, Weirdness & Mutations

Your attributes are resistant to harm.


Message History

Confirm with . or Enter, or press ? or * to list all spells.
Aiming: Pain
Press: ? - help, Shift-Dir - straight line, f/p - worm
Aim: a worm (lightly wounded)
The worm resists with significant effort.
Casting: Pain
Confirm with . or Enter, or press ? or * to list all spells.
Aiming: Pain
Press: ? - help, Shift-Dir - straight line, f/p - worm
Aim: a worm (lightly wounded)
The worm resists with significant effort.
The worm bites you!
Casting: Pain
Confirm with . or Enter, or press ? or * to list all spells.
Aiming: Pain
Press: ? - help, Shift-Dir - straight line, f/p - worm
Aim: a worm (lightly wounded)
The worm resists with significant effort.
The worm bites you!
You die...

###.##.# #.# #......#
##.####
#.#.#.#########......#
#.#.#.........+......#
#.#)#.#####.###......##
#.#.#.# #.###.......#
#.#.#.# #...#.......#
#.#.#.#####.#.#.......#..
#.#<#>..........@w.......
#.###.......(............
#........####.##.######..
#..†.....# #.##.# ....
#........# #)##(# ....#
#........####.##'#####
....#
#........##..........#
.....#
#........'...........#
#...
...).....#...........###.#
#.#


You could see a worm.

Vanquished Creatures
  An adder (D:2)
  A gnoll (D:1)
  A worm (D:2)
  A giant cockroach (D:2)
  5 goblins
  8 hobgoblins
  4 kobolds
  5 bats
  A giant gecko (D:1)
  A giant newt (D:1)
  2 rats (D:1)
30 creatures vanquished.

Notes
Turn   | Place    | Note
--------------------------------------------------------------
     0 | D:1      | Johnny, the Demigod Necromancer, began the quest for the Orb.
     0 | D:1      | Reached XP level 1. HP: 14/14 MP: 3/3
   671 | D:1      | Reached XP level 2. HP: 20/22 MP: 4/4
  1098 | D:2      | Reached skill level 1 in Fighting
  1098 | D:2      | Reached XP level 3. HP: 19/28 MP: 0/8
  1408 | D:2      | Learned a level 3 spell: Vampiric Draining
  1616 | D:2      | Reached skill level 4 in Necromancy
  1622 | D:2      | Slain by a worm

Action                   || total
-------------------------++-------
Melee: Mace              ||    37
       Spear             ||    43
 Cast: Pain              ||    38
       Vampiric Draining ||     2
  Use: Potion            ||     2
 Stab: Sleeping          ||     4
  Eat: Pizza             ||     1
       Chunk             ||     1
